AoeStats
← m0nkhair

Black Forest

509134085Analyzed
4v4 RM · 8d ago on Sep 25, 2026· 90m 0s· 8 players
Game mode
Random Map
Map size
Large (8 player)
Population
200
Speed
Normal
Resources
Standard
Victory
Conquest
Starting age
Dark Age
Ending age
Imperial Age
RankedLock teamsTeams togetherTeam positionsShared explorationLock speedFull tech treeHidden civsTurbo modeCheats
Victory
Defeat
🇫🇮 Turks · Finland
803
+14
🇫🇮 Goths · Finland
683
+19
🇫🇮 Franks · Finland
678
+19
🇫🇮 Huns · Finland
654
+20
🇸🇦 Franks · Saudi Arabia
773
-19
🇸🇦 Saxons · Saudi Arabia
762
-19
🇺🇸 Britons · United States
737
-18
🇺🇸 Romans · United States
705
-16
Eemi8
12:23 Feudal Age
12:49 Double-Bit Axe
14:05 Horse Collar
21:49 Castle Age
20:58 Gold Mining
21:03 Stone Mining
23:01 Bloodlines
22:53 Husbandry
24:41 Bow Saw
25:43 Scale Barding Armor
25:50 Forging
27:11 Marauders
28:08 Chain Barding Armor
28:24 Iron Casting
33:28 Imperial Age
32:12 Wheelbarrow
34:29 Conscription
37:30 Heavy Plow
43:24 Parthian Tactics
43:05 Padded Archer Armor
43:01 Fletching
50:32 Bodkin Arrow
57:50 Light Cavalry
63:43 Arson
63:58 Squires
63:20 Pikeman
Pyllynall3
2:52 Loom
11:50 Feudal Age
17:03 Castle Age
14:57 Double-Bit Axe
17:27 Stone Mining
20:29 Bow Saw
21:30 Gold Mining
25:05 Scale Barding Armor
25:06 Husbandry
27:28 Pikeman
28:09 Squires
32:11 Imperial Age
30:20 Wheelbarrow
31:31 Caravan
32:49 Cavalier
32:53 Capped Ram
33:33 Treadmill Crane
34:41 Hand Cart
35:05 Chain Barding Armor
34:58 Forging
38:04 Chemistry
38:13 Gold Shaft Mining
37:15 Paladin
39:15 Conscription
45:02 Chivalry
46:36 Elite Throwing Axeman
52:03 Iron Casting
52:04 Plate Barding Armor
50:58 Halberdier
51:26 Elite Skirmisher
52:48 Fletching
54:02 Blast Furnace
53:18 Light Cavalry
55:06 Bodkin Arrow
79:54 Crossbowman
m0nkhair
12:28 Feudal Age
13:11 Double-Bit Axe
20:53 Castle Age
20:51 Stone Mining
20:51 Gold Mining
20:43 Horse Collar
33:04 Imperial Age
35:43 Wheelbarrow
35:26 Padded Archer Armor
35:16 Fletching
58:34 Leather Archer Armor
58:15 Bodkin Arrow
60:28 Hand Cart
60:55 Artillery
64:02 Elite Janissary
65:06 Bracer
71:08 Ring Archer Armor
70:48 Forging
Pingu
8:29 Loom
11:11 Feudal Age
11:45 Double-Bit Axe
21:20 Castle Age
19:40 Gold Mining
19:43 Stone Mining
20:56 Scale Mail Armor
20:51 Horse Collar
23:11 Chain Mail Armor
23:20 Bow Saw
23:15 Heavy Plow
22:56 Pikeman
23:41 Squires
24:31 Stone Shaft Mining
26:08 Anarchy
29:30 Wheelbarrow
34:12 Imperial Age
34:48 Halberdier
37:22 Two-Man Saw
37:52 Perfusion
39:25 Conscription
39:19 Forging
40:54 Elite Huskarl
48:19 Caravan
50:08 Iron Casting
60:24 Blast Furnace
63:11 Ballistics
66:41 Chemistry
TartarRush
1:47 Loom
12:08 Feudal Age
13:12 Gold Mining
13:10 Double-Bit Axe
19:04 Castle Age
17:08 Horse Collar
19:08 Scale Mail Armor
19:19 Forging
20:04 Gambesons
26:03 Iron Casting
25:44 Chain Mail Armor
26:59 Fletching
27:55 Heavy Plow
28:19 Bodkin Arrow
29:23 Arson
29:39 Squires
34:10 Imperial Age
32:04 Padded Archer Armor
33:20 Wheelbarrow
32:31 Town Watch
33:38 Crossbowman
35:06 Bracer
35:23 Thumb Ring
37:31 Conscription
38:06 Siege Engineers
38:14 Masonry
40:13 Ballistics
40:26 Architecture
41:48 Plate Mail Armor
41:35 Leather Archer Armor
43:29 Arbalester
43:32 Arbalester
44:54 Arbalester
47:13 Chemistry
50:54 Murder Holes
55:19 Ring Archer Armor
58:05 Scale Barding Armor
58:56 Elite Varangian Guard
60:01 Town Patrol
60:17 Hand Cart
62:17 Man-at-Arms
63:58 Long Swordsman
65:45 Two-Handed Swordsman
68:13 Champion
70:14 Elite Skirmisher
PENAROZAx
3:43 Loom
12:08 Feudal Age
13:24 Double-Bit Axe
13:35 Double-Bit Axe
18:27 Castle Age
18:53 Scale Barding Armor
18:59 Forging
23:24 Gold Mining
25:18 Chain Barding Armor
26:50 Husbandry
27:29 Iron Casting
28:00 Bow Saw
33:28 Imperial Age
33:55 Wheelbarrow
34:01 Gold Shaft Mining
33:20 Stone Mining
34:41 Cavalier
36:54 Onager
38:43 Conscription
41:09 Blast Furnace
48:50 Paladin
53:13 Murder Holes
54:14 Fletching
55:02 Plate Barding Armor
55:50 Bodkin Arrow
57:24 Ballistics
58:06 Chemistry
57:44 Hand Cart
64:27 Fortified Wall
SandSouth
12:39 Feudal Age
11:27 Loom
13:27 Double-Bit Axe
13:47 Horse Collar
18:19 Gold Mining
24:33 Castle Age
23:24 Stone Mining
23:34 Town Watch
25:43 Bow Saw
26:34 Forging
26:26 Scale Mail Armor
28:27 Gold Shaft Mining
29:54 Iron Casting
29:35 Chain Mail Armor
31:03 Pikeman
31:45 Squires
37:10 Imperial Age
38:20 Wheelbarrow
41:18 Halberdier
43:19 Blast Furnace
44:23 Elite Centurion
45:37 Heavy Scorpion
47:22 Scale Barding Armor
57:55 Ballistics
57:27 Guard Tower
OstrichesLeader
11:45 Feudal Age
12:51 Double-Bit Axe
12:51 Horse Collar
13:53 Gold Mining
21:15 Castle Age
19:48 Fletching
19:59 Padded Archer Armor
21:13 Stone Mining
22:25 Crossbowman
25:02 Bow Saw
25:35 Heavy Plow
26:25 Gold Shaft Mining
26:50 Bodkin Arrow
28:39 Leather Archer Armor
31:53 Wheelbarrow
33:13 Yeomen
33:40 Ballistics
37:50 Imperial Age
35:39 Hand Cart
37:53 Arbalester
40:33 Bracer
41:03 Ring Archer Armor
44:26 Fortified Wall
59:36 Chemistry
66:27 Elite Longbowman
Connection lost

Rejoining the realm…

Still unreachable

The connection could not be restored.

Session expired

The server has moved on; the page needs a fresh start.